 Dungeon Crawl Stone Soup version 0.31.0-11-ge490571c62 (console) character file.

Game seed: 5721127180224140716

32 JoeltCo the Shooter (level 3, 0/21 HPs)
             Began as a Deep Elf Hunter on Jan 27, 2024.
             Slain by Robin
             ... wielding a +0 dagger
              (3 damage)
             ... on level 2 of the Dungeon.
             The game lasted 00:01:11 (829 turns).

JoeltCo the Shooter (Deep Elf Hunter)                Turns: 829, Time: 00:01:12

Health: 0/21       AC:  4    Str: 12 (14) XL:     3   Next: 10%
Magic:  5/5        EV: 12    Int: 13 (15) God:
Gold:   27         SH:  0    Dex: 17 (18) Spells: 2/2 levels left

rFire   + . .        a - +0 shortbow
rCold   . . .        (shield currently unavailable)
rNeg    . . .        c - +1 leather armour
rPois   .            (no helmet)
rElec   .            (no cloak)
rCorr   .            (no gloves)
SInv    .            (no boots)
Will    +....        (no amulet)
Stlth   ++           j - +6 ring of strength
HPRegen 0.23/turn    d - ring of protection from fire
MPRegen 0.09/turn

%: no passive effects
@: mighty, enlightened, flying
A: no striking features
a: no special abilities


You were on level 2 of the Dungeon.
You visited 1 branch of the dungeon, and saw 2 of its levels.

You collected 27 gold pieces.

Inventory:

Hand Weapons
 a - a +0 shortbow (weapon)
Armour
 c - a +1 leather armour (worn)
Jewellery
 d - a ring of protection from fire (right hand)
 j - a +6 ring of strength (left hand)
Wands
 n - a wand of charming (7)
Scrolls
 b - a scroll of butterflies
 g - 2 scrolls of amnesia {unknown}
 l - a scroll of fear {unknown}
 m - a scroll of noise {unknown}
Potions
 e - a potion of magic
 h - 2 potions of resistance


   Skills:
 + Level 1.6 Fighting
 + Level 6.5 Ranged Weapons
 + Level 2.6 Dodging
 + Level 1.2 Stealth


You had 2 spell levels left.
You didn't know any spells.
Your spell library was empty.

Dungeon Overview and Level Annotations

Branches:
Dungeon (2/15)

Altars:

Annotations:
D:2 Robin


Message History

You shoot an arrow. The arrow barely misses the goblin.
The arrow hits Robin.
Robin is moderately wounded.
Robin throws the goblin at you!
* * * LOW HITPOINT WARNING * * *
The goblin misses you. 2 goblins come into view.
Robin hits you but does no damage.
The goblin unwields a +0 dagger.
The goblin wields a +0 sling.
The goblin shoots a sling bullet.
The sling bullet hits you.
* * * LOW HITPOINT WARNING * * *
The goblin attacks as it pursues you! The goblin hits you but does no damage.
You see here a +0 club.
You shoot an arrow. The arrow hits the goblin.
You kill the goblin!
Robin hits you but does no damage.
The goblin shoots a sling bullet.
The sling bullet hits you but does no damage.
It was a potion of enlightenment.
You feel very buoyant.
You fly up into the air.
Robin hits you with a +0 dagger.
* * * LOW HITPOINT WARNING * * *
The goblin shoots a sling bullet.
The sling bullet hits you.
* * * LOW HITPOINT WARNING * * *
You feel very mighty all of a sudden. Robin barely misses you.
The goblin shoots a sling bullet.
The sling bullet closely misses you. Robin attacks as they pursue you!
Robin hits you but does no damage.
Things that are here:
a +0 dagger; a goblin corpse You shoot an arrow.
The arrow hits Robin.
Robin is heavily wounded.
Robin closely misses you.
You shoot an arrow. The arrow barely misses Robin.
The arrow hits the goblin.
The goblin is moderately wounded.
Robin hits you but does no damage.
You shoot an arrow. The arrow completely misses Robin.
The arrow hits the goblin.
You kill the goblin!
Robin hits you with a +0 dagger.
You die...
Robin lets out a smug laugh.

#.................#
#.................#
#................##
#...............##
###.####.......##
###....#.###...# .........#
##### ....##.#.#########
....##.#.##..g.g)#
.##....#.# #g# .........#
###@###### ..#.>....#
#........#. .......###
#.......... .....###
#.##...###.##. ##(<.#
#......###.# #...#
####....##.# #...#
##.#.##.####### #...#
#.#.##.......# ##...#######
#............#
...........####...##.......#
.>............#............#


You could see Robin and a goblin (strong).

Vanquished Creatures
  A dart slug (D:1)
  4 ball pythons
  2 bats (D:1)
  3 endoplasms
  A giant cockroach (D:2)
  3 hobgoblins
  A kobold (D:1)
  2 quokkas (D:1)
  6 goblins
  2 rats (D:1)
25 creatures vanquished.

Notes
Turn   | Place    | Note
-------+----------+-------------------------------------------
     0 | D:1      | JoeltCo the Deep Elf Hunter began the quest for the Orb.
     0 | D:1      | Reached XP level 1. HP: 12/12 MP: 3/3
   113 | D:1      | Reached XP level 2. HP: 15/16 MP: 4/4
   192 | D:1      | Reached skill level 6 in Ranged Weapons
   804 | D:2      | Noticed Robin
   815 | D:2      | Reached XP level 3. HP: 8/20 MP: 5/5
   829 | D:2      | Slain by Robin

Illustrated notes

Levels and vault maps discovered:
D:1:      dreamdust_arrival_sigmund_warning, layout_loops_cross
D:2:      layout_loops_cross, uniq_robin

Skill      XL: |  1  2 |
---------------+-------+-----
Ranged Weapons | 6 |  6.5
Fighting       | |  1.6
Dodging        | |  2.6
Stealth        | |  1.2

Action                     || total
---------------------------++-------
   Fire: Shortbow          ||    67
    Use: Scroll            ||     5
         Potion            ||     4
 Armour: Leather armour    ||    28
  Dodge: Dodged            ||    17
